 Dungeon Crawl Stone Soup version 0.30-a0-948-g4fa250aae5 (webtiles) character file.

Game seed: 273747349077277208

6095 DeathPants the Cruncher (level 10, -1/56 HPs)
             Began as a Vine Stalker Gladiator on Mar 26, 2023.
             Was an Initiate of Gozag.
             Killed from afar by an efreet (12 damage)
             ... with a fireball
             ... on level 8 of the Dungeon.
             The game lasted 00:25:21 (6625 turns).

DeathPants the Cruncher (Vine Stalker Gladiator)    Turns: 6625, Time: 00:25:22

Health: -1/56      AC: 12    Str: 16    XL:     10   Next: 88%
Magic:  0/21       EV: 14    Int: 12    God:    Gozag
Gold:   1024       SH:  5    Dex: 17    Spells: 23/23 levels left

rFire   . . .      SeeInvis +    b - +0 lajatang (flame)
rCold   + . .      Faith    .    (shield currently unavailable)
rNeg    . . .      Spirit   +    x - +0 steam dragon scales
rPois   .          Reflect  +    d - +2 helmet {SInv}
rElec   .          Rampage  .    j - +0 cloak
rCorr   .                        k - +1 pair of gloves
Will    +....                    (no boots)
Stlth   ++                       n - amulet of reflection
HPRegen 1.09/turn                y - ring of protection from cold
MPRegen 0.17/turn                (no ring)

@: studying Dodging
A: fangs 3, regeneration 1, magic shield, antimagic bite, no potion heal 2
a: Renounce Religion, Potion Petition, Call Merchant, Bribe Branch


You were on level 8 of the Dungeon.
You worshipped Gozag.
Gozag was most pleased with you.
You visited 2 branches of the dungeon, and saw 10 of its levels.

You collected 1130 gold pieces.
You spent 24 gold pieces at shops.
You paid 82 gold pieces to Gozag.

Inventory:

Hand Weapons
 b - a +0 lajatang of flaming (weapon)
Missiles
 e - a javelin (quivered)
 r - a curare-tipped dart
Armour
 d - a +2 helmet of see invisible (worn)
 j - a +0 cloak (worn)
 k - a +1 pair of gloves (worn)
 x - +0 steam dragon scales (worn)
Jewellery
 n - an amulet of reflection (around neck)
 y - a ring of protection from cold (left hand)
Wands
 c - a wand of flame (19)
 p - a wand of mindburst (12)
 u - a wand of iceblast (5)
 v - a wand of paralysis (4)
Scrolls
 f - 2 scrolls of magic mapping
 g - a scroll of vulnerability
 i - 3 scrolls of teleportation
Potions
 h - 4 potions of attraction
 l - 7 potions of curing
 m - a potion of flight {unknown}
 o - a potion of cancellation
 q - a potion of brilliance
 s - 2 potions of lignification
 t - a potion of mutation
 A - a potion of might


   Skills:
 + Level 7.7 Fighting
 * Level 10.1 Staves
 - Level 1.7 Throwing
 - Level 3.0 Armour
 + Level 4.2 Dodging
 + Level 7.0 Spellcasting


You had 23 spell levels left.
You didn't know any spells.
Your spell library contained the following spells:

 Spells                   Type           Power      Damage    Failure   Level
 Freeze                   Ice            16%        1d4       16%         1
 Magic Dart               Conj           16%        1d3       16%         1
 Call Imp                 Summ           4%         N/A       24%         2
 Frozen Ramparts          Ice            8%         1d2       43%         3
 Hailstorm                Conj/Ice       4%         3d4       43%         3
 Mephitic Cloud           Conj/Pois/Air  4%         N/A       43%         3
 Ozocubu's Armour         Ice            4%         N/A       43%         3
 Metabolic Englaciation   Hex/Ice        2%         N/A       99%         5
 Simulacrum               Ice/Necr       Unusable   N/A       N/A         6

Dungeon Overview and Level Annotations

Branches:
Dungeon (9/15)             Temple (1/1) D:4
   Lair: D:8-11         Orc: D:9-12

Altars:
Ashenzari
Cheibriados
Elyvilon
Fedhas
Gozag
Hepliaklqana
Okawaru
Qazlal
Sif Muna
Trog
Uskayaw
Vehumet
Wu Jian
Xom
Yredelemnul
Zin
The Shining One

Shops:
D:3 ?   D:7 [

Annotations:
D:5 bring flight


Innate Abilities, Weirdness & Mutations

You have razor-sharp teeth.
Your natural rate of healing is unusually fast.
When hurt, damage is shared between your health and your magic reserves.
Your bite disrupts and absorbs the magic of your enemies.
Potions cannot restore your health.


Message History

A cyclops comes into view.
The death drake bites you but does no damage.
You catch the helpless death drake completely off-guard!
You slice the death drake!! You burn the death drake. You bite the death drake.
You drain its power.
You feel invigorated.
The death drake is almost dead.
The death drake changes into a salamander!
The efreet is distracted by your dazzling golden aura.
You block the troll's attack. The troll claws you. x2
You slash the salamander! You bite the salamander. You drain its power.
You feel invigorated.
The salamander is moderately wounded.
The troll closely misses you. You block the troll's attack.
The troll misses you.
You slash the salamander!
The salamander is heavily wounded.
The efreet is no longer distracted by gold.
The salamander misses you. The troll bites you!
The troll claws you but does no damage. x2
The efreet hits you with a +4 vampiric lajatang!
You closely miss the salamander. You bite the salamander. You drain its power.
You feel invigorated.
The salamander is heavily wounded.
The salamander misses you. You block the efreet's attack.
The troll is distracted by your dazzling golden aura.
The troll shouts!
The salamander attacks as you move away!
The salamander barely misses you. The efreet attacks as you move away!
The efreet completely misses you.
The salamander changes into a polar bear!
The efreet hits you with a +4 vampiric lajatang.
The efreet attacks as you move away! The efreet barely misses you.
The troll is no longer distracted by gold.
The efreet gestures at you. The bolt of fire hits you!!
* * * LOW HITPOINT WARNING * * *
The efreet gestures at you.
The fireball explodes!
The fireball engulfs you!!
You die...
Your body crumbles into a pile of gold.

####.....[.####
####.
#.............#
.....
#.####...####.#
#..# #.# ##.##
#.#####.## ## #.#
#.# ##......... ##.
#.# #.#
##..###+###. ##..
#.# #.###..##. ..
#... #.# #.....##.
#. ##### #.#
####@##C $ #.#....
#.# #.#.# .).
#..### #.#
#.#°#...(. $#.....
#.# #.R$....⌠.
##.#..
#.########.#.#.....
$#..##.
#..........#.# ...
#.####
####.#####.##. / .#
#.. #.# #.. #.
.####.# #.# ##. #.
.# #.#.#


You could see an efreet.

Vanquished Creatures
  A boulder beetle (D:8)
  A tengu warrior (D:8)
  Maggie (D:6)
  A troll (D:8)
  Prince Ribbit (D:6)
  Sigmund (D:4)
  A slime creature (D:8)
  2 wyverns (D:8)
  Eustachio (D:6)
  A basilisk (D:8)
  A yak (D:8)
  A wraith (D:8)
  Menkaure (D:5)
  2 water moccasins
  Duvessa (D:4)
  4 ice beasts
  Pargi (D:3)
  The ghost of Darkkill the Shooter, an amateur MiHu (D:3)
  2 black bears
  A centaur (D:8)
  2 phantoms (D:7)
  2 kobold brigands
  2 bullfrogs
  A scorpion (D:6)
  4 wights
  Dowan (D:4)
  3 killer bees (D:7)
  3 howler monkeys (D:8)
  7 orc priests
  A gnoll bouda (D:5)
  3 hounds
  A jelly (D:5)
  A sleepcap (D:5)
  4 iguanas
  5 orc wizards
  Ijyb (D:3)
  Terence (D:3)
  Robin (D:3)
  10 adders
  8 gnolls
  A white imp (D:7)
  2 ufetubi (D:5)
  4 worms
  6 dart slugs
  40 orcs
  10 ball pythons
  4 endoplasms
  3 giant cockroaches
  13 goblins
  13 hobgoblins
  7 jackals
  2 quokkas (D:1)
  3 bats
  3 frilled lizards
  16 kobolds
  5 rats
219 creatures vanquished.

Notes
Turn   | Place    | Note
-------+----------+-------------------------------------------
     0 | D:1      | DeathPants the Vine Stalker Gladiator began the quest for
                  | the Orb.
     0 | D:1      | Reached XP level 1. HP: 11/11 MP: 2/2
   118 | D:2      | Reached XP level 2. HP: 12/15 MP: 3/3
   421 | D:2      | Reached skill level 3 in Staves
   549 | D:2      | Reached XP level 3. HP: 18/18 MP: 4/4
   681 | D:1      | Found a faded altar of an unknown god.
   686 | D:1      | Reached skill level 1 in Armour
  1446 | D:2      | Gained mutation: Your natural rate of healing is unusually
                  | fast. [Vine Stalker growth]
  1446 | D:2      | Reached XP level 4. HP: 23/23 MP: 3/5
  1750 | D:3      | Noticed Pargi
  1767 | D:3      | Killed Pargi
  1768 | D:3      | Reached XP level 5. HP: 28/28 MP: 6/6
  1771 | D:3      | Noticed Robin
  1778 | D:3      | Noticed Terence
  1814 | D:3      | Reached XP level 6. HP: 26/32 MP: 4/7
  1820 | D:3      | Killed Robin
  1830 | D:3      | Killed Terence
  2065 | D:3      | Noticed Ijyb
  2077 | D:3      | Killed Ijyb
  2078 | D:3      | Reached skill level 4 in Staves
  2153 | D:3      | You fall into a shaft and drop 2 floors!
  2153 | D:5      | Entered Level 5 of the Dungeon
  2168 | D:5      | Found a basalt altar of Yredelemnul.
  2286 | D:4      | Noticed Dowan
  2287 | D:4      | Noticed Duvessa
  2299 | D:4      | Killed Duvessa
  2300 | D:4      | Reached XP level 7. HP: 22/37 MP: 4/8
  2322 | D:4      | Killed Dowan
  2497 | D:3      | Found Hucrih's Magic Scroll Boutique.
  2555 | D:3      | Found a broken altar of Ashenzari.
  2630 | D:3      | Found a runed translucent gate.
  2631 | D:3      | Found a runed translucent gate.
  2631 | D:3      | Noticed Darkkill's ghost (amateur MiHu)
  2632 | D:3      | Found a runed translucent gate.
  2693 | D:3      | Bought a scroll of identify for 24 gold pieces
  2890 | D:3      | Killed Darkkill's ghost
  2891 | D:3      | Reached skill level 1 in Spellcasting
  3065 | D:4      | Found a staircase to the Ecumenical Temple.
  3074 | Temple   | Entered the Ecumenical Temple
  3157 | D:5      | Reached skill level 5 in Staves
  3157 | D:5      | Gained mutation: You have razor-sharp teeth. [Vine Stalker
                  | growth]
  3157 | D:5      | Reached XP level 8. HP: 28/42 MP: 10/12
  3236 | D:4      | Noticed Sigmund
  3246 | D:4      | Killed Sigmund
  3669 | D:4      | Found an opulent altar of Gozag.
  3700 | D:4      | Became a worshipper of Gozag Ym Sagoz the Greedy
  3814 | D:6      | Reached skill level 5 in Fighting
  3848 | D:6      | Found a snail-covered altar of Cheibriados.
  3871 | D:5      | Reached skill level 6 in Staves
  3893 | D:5      | Found an iron altar of Okawaru.
  3906 | D:5      | Noticed Menkaure
  3914 | D:5      | Killed Menkaure
  4154 | D:6      | Noticed Eustachio
  4166 | D:6      | Killed Eustachio
  4173 | D:6      | Reached XP level 9. HP: 26/47 MP: 9/16
  4182 | D:6      | Reached skill level 7 in Staves
  4707 | D:6      | Noticed Prince Ribbit
  4766 | D:6      | Killed Prince Ribbit
  4844 | D:6      | Noticed Maggie
  4855 | D:6      | Killed Maggie
  4856 | D:6      | Reached skill level 8 in Staves
  4856 | D:6      | Reached skill level 5 in Spellcasting
  4943 | D:7      | Found a stormy altar of Qazlal.
  5263 | D:7      | Found Ilucerr's Antique Armour Shoppe.
  5375 | D:7      | Found a white marble altar of Elyvilon.
  5664 | D:7      | Reached XP level 10. HP: 53/53 MP: 19/19
  5942 | D:8      | Noticed a boulder beetle
  5943 | D:8      | Noticed a tengu warrior
  5958 | D:8      | Killed a tengu warrior
  5959 | D:8      | Reached skill level 9 in Staves
  5976 | D:8      | Killed a boulder beetle
  6320 | D:8      | Reached skill level 10 in Staves
  6605 | D:8      | Noticed a mana viper
  6608 | D:8      | a mana viper changed into a death drake
  6608 | D:8      | Noticed a death drake (shapeshifter)
  6617 | D:8      | Noticed a cyclops
  6618 | D:8      | a death drake changed into a salamander
  6618 | D:8      | Noticed a salamander (shapeshifter)
  6622 | D:8      | a salamander changed into a polar bear
  6625 | D:8      | Killed from afar by an efreet

Illustrated notes

Levels and vault maps discovered:
D:1:      mrwooster_arrival_statue_3, layout_loops_cross,
          dreamdust_ecumenical_altar_hidden_monk_grotto
D:2:      layout_loops_ring
D:3:      layout_rooms, ashenzari_altar_1, serial_shops, nicolae_diamond_shop,
          biasface_ghost_orc_armoury, uniq_terence, uniq_ijyb, uniq_pargi,
          uniq_robin
D:4:      layout_basic, nicolae_gozag_seed_capital, temple_hall, minivault_14,
          uniq_sigmund, uniq_duvessa
D:5:      layout_basic, mainiacjoe_overflow_concentric_impassable,
          okawaru_ov_weapons_minmay, corexii_item_surrounded_by_moat,
          minmay_misc_feat_square, minmay_misc_feat_more_columns,
          nrook_mini_backslash, dk_vineyard_2, uniq_menkaure
D:6:      layout_basic, mainiacjoe_overflow_surrounded_room, serial_glass,
          glass_columns_b, glass_columns_b, glass_columns_a, glass_columns_b,
          skrybe_limestone_x, uniq_eustachio, uniq_maggie, uniq_prince_ribbit1
D:7:      layout_loops_ring, overflow_temple_1_default, elyvilon_altar_4,
          serial_shops, shop
D:8:      minmay_the_grid_octo_triangle [minmay_the_grid_octo_clover,
          minmay_the_grid_octo_prize_big_c, minmay_the_grid_octo_teeth],
          layout_loops_ring, kennysheep_vampire_church
D:9:      layout_roguey
Temple:   hellmonk_temple_rainy

Skill      XL: |  1  2  3  4  5  6  7  8  9 10 |
---------------+-------------------------------+-----
Fighting       | 2 3 4 5 6 7 |  7.7
Staves         | 3 4 5 6 8 10 | 10.1
Armour         | 1 2 3 |  3.0
Dodging        | 3 4 |  4.2
Spellcasting   | 2 4 5 7 |  7.0
Throwing       | |  1.7

Action                     |  1- 3 |  4- 6 |  7- 9 | 10-12 || total
---------------------------+-------+-------+-------+-------++-------
  Melee: Quarterstaff      |    93 |   128 |   306 |       ||   527
         Bite              |    23 |    32 |   113 |    37 ||   205
         Lajatang          |       |       |    70 |   110 ||   180
  Throw: Throwing net      |       |     4 |       |       ||     4
  Evoke: Wand              |       |     1 |       |       ||     1
    Use: Scroll            |     1 |     9 |    10 |     4 ||    24
         Potion            |       |     1 |     1 |     1 ||     3
   Stab: Sleeping          |     3 |     1 |     1 |       ||     5
         Held in net/web   |       |     5 |       |       ||     5
         Distracted        |       |       |     1 |       ||     1
         Invisible         |       |       |       |     9 ||     9
         Confused          |       |       |       |     2 ||     2
 Armour: Leather armour    |    23 |    20 |       |       ||    43
         Scale mail        |       |    46 |   158 |       ||   204
         Steam dragon scal |       |       |    16 |    37 ||    53
  Dodge: Dodged            |    58 |   105 |   246 |    68 ||   477
  Block: Other             |       |       |    82 |    20 ||   102
         Reflection        |       |       |     3 |       ||     3

Table legend: (Time is in decaauts)
 A = Elapsed time spent in this place.
 B = Non-inter-level travel time spent in this place.
 C = Inter-level travel time spent in this place.
 D = Time resting spent in this place.
 E = Time spent auto-exploring this place.
 F = Levels seen in this place.
 G = Mean time per level.
                   A        B        C        D        E       F      G
               +--------+--------+--------+--------+--------+-----+--------+
         Total |   6634 |   6476 |    158 |    220 |   3931 |  10 |  663.4 |
       Dungeon |   6618 |   6460 |    158 |    220 |   3931 |   9 |  735.3 |
        Temple |     15 |     15 |      0 |      0 |      0 |   1 |   15.0 |
               +--------+--------+--------+--------+--------+-----+--------+

Top non-repeatable levels by time:
     D:3: 1066 daAuts
     D:2: 875 daAuts
     D:1: 843 daAuts
     D:4: 841 daAuts
     D:7: 830 daAuts
     D:5: 805 daAuts
     D:8: 706 daAuts
     D:6: 648 daAuts
  Temple: 15 daAuts
     D:9: 1 daAuts
